 Dungeon Crawl Stone Soup version 0.28-a0-863-g8cecda6153 (webtiles) character file.

Game seed: 7307654292051345845

123 sanka the Changer (level 4, 0/34 HPs)
             Began as a Palentonga Transmuter on Nov 16, 2021.
             Was a Believer of Nemelex Xobeh.
             Succumbed to an adder's poison
             ... on level 3 of the Dungeon.
             The game lasted 00:04:20 (2273 turns).

sanka the Changer (Palentonga Transmuter)           Turns: 2273, Time: 00:04:21

Health: 0/34       AC:  4    Str: 13    XL:     4   Next: 79%
Magic:  5/7        EV: 10    Int: 13    God:    Nemelex Xobeh [**....]
Gold:   101        SH:  0    Dex: 18    Spells: 1/7 levels left

rFire   . . .      SeeInvis +     - Unarmed
rCold   . . .      Faith    .   (no shield)
rNeg    . . .      Spirit   .   a - +0 robe
rPois   .          Reflect  .   (no helmet)
rElec   .          Harm     .   (no cloak)
rCorr   .          Rampage  .   (no gloves)
Will    .....                   (no barding)
Stlth   ++........              (no amulet)
HPRegen 0.11/turn               (no ring)
MPRegen 0.10/turn               h - +6 ring of dexterity

@: brilliant, lethally poisoned (0 -> -3)
A: large, rugged brown scales 3, see invisible, deformed body, roll 1, armoured
tail
a: Rolling Charge, Renounce Religion, Draw Escape, Draw Destruction, Draw
Summoning


You were on level 3 of the Dungeon.
You worshipped Nemelex Xobeh.
Nemelex Xobeh was pleased with you.
You visited 1 branch of the dungeon, and saw 3 of its levels.

You collected 101 gold pieces.


Innate Abilities, Weirdness & Mutations

You are completely covered in rugged brown scales. (AC +3, +7% HP)
You have supernaturally acute eyesight. (SInv)
Armour fits poorly on your strangely shaped body.
You can roll at nearby foes to attack.
You have a long armoured tail.


   Skills:
 - Level 1.0 Fighting
 - Level 1.5 Dodging
 - Level 3.0 Unarmed Combat
 - Level 2.0 Spellcasting
 + Level 4.5 Transmutations
 + Level 1.4 Poison Magic


You had one spell level left.
You knew the following spells:

 Your Spells              Type           Power      Damage    Failure   Level
x - Spider Form           Tmut/Pois      13%        N/A       22%         3
y - Wereblood             Tmut           19%        N/A       6%          2
z - Beastly Appendage     Tmut           38%        N/A       3%          1

Your spell library contained the following spells:

 Spells                   Type           Power      Damage    Failure   Level
 Ignite Poison            Fire/Tmut/Pois 9%         N/A       32%         3
 Conjure Flame            Conj/Fire      1%         6-21      58%         3
 Ice Form                 Ice/Tmut       10%        N/A       69%         4
 Sticky Flame             Conj/Fire      1%         2d3       94%         4

Inventory:

Armour
 a - a +0 robe (worn)
Magical Staves
 f - a staff of poison
Jewellery
 h - a +6 ring of dexterity (right hand)
Scrolls
 c - a scroll of fear {unknown}
 d - a scroll of teleportation {unknown}
 e - a scroll of amnesia {unknown}
 g - 3 scrolls of immolation {unknown}
 i - a scroll of identify {unknown}
 j - a scroll of magic mapping {unknown}

Dungeon Overview and Level Annotations

Branches:
Dungeon (3/15)

Altars:
Nemelex Xobeh
Xom

▒...▒ ▒. ▒...▒ ?..
▒...▒▒.. ▒▒.....
▒....▒ ▒.?..▒▒▒▒▒▒
▒.........▒
▒▒........▒
▒....H...▒
▒........▒ ..
▒▒.......▒▒▒.▒ ...
▒▒+▒........▒
▒.▒▒▒ ▒.▒†▒▒▒▒.▒..
▒.... ▒.▒.▒ ▒
▒..▒▒▒▒▒.▒.▒
▒......(.▒.▒▒▒▒▒▒▒
.▒......▒........


There were no monsters in sight!


Message History

You feel very sick. The adder bites you.
* * * LOW HITPOINT WARNING * * *
You are lethally poisoned!
The adder poisons you!
You barely miss the adder.
The adder is almost dead.
* * * LOW HITPOINT WARNING * * *
You feel very sick.
You kill the adder!
Unknown command.
No target in view!
Unknown command.
It was a potion of brilliance.
You feel clever all of a sudden.
* * * LOW HITPOINT WARNING * * *
You feel very sick.
* * * LOW HITPOINT WARNING * * *
You feel sick.
Things that are here:
an adder corpse; an iguana corpse Your transformation has ended.
* * * LOW HITPOINT WARNING * * *
You feel sick.
* * * LOW HITPOINT WARNING * * *
You feel sick.
* * * LOW HITPOINT WARNING * * *
You feel sick.
You die...
Your body disappears without a glow.

Action                   |  1- 3 |  4- 6 || total
-------------------------+-------+-------++-------
Melee: Unarmed           |   129 |    29 ||   158
       Kick              |    15 |     4 ||    19
       Headbutt          |     9 |     4 ||    13
       Tailslap          |     3 |     3 ||     6
 Cast: Beastly Appendage |    18 |     8 ||    26
       Wereblood         |     1 |       ||     1
       Spider Form       |       |     2 ||     2
  Use: Potion            |       |     1 ||     1
 Stab: Sleeping          |     1 |     1 ||     2
Armor: Robe              |    55 |     2 ||    57
Dodge: Dodged            |    63 |    12 ||    75

Levels and vault maps discovered:
D:1:      dpeg_arrival_orchard, layout_loops_ring,
          chequers_ecumenical_altar_twisty, nicolae_figureground_sparkle
D:2:      layout_rooms, basic_altar, minmay_statues_item, minmay_misc_feat_tower
D:3:      layout_basic, nicolae_qazlal_style_of_elements,
          gammafunk_temple_overflow_wave, serial_shops, nicolae_lakefront_shop,
          minmay_misc_feat_alley, chequers_garden

Notes
Turn   | Place    | Note
-------+----------+-------------------------------------------
     0 | D:1      | sanka the Palentonga Transmuter began the quest for the
                  | Orb.
     0 | D:1      | Reached XP level 1. HP: 16/16 MP: 3/3
   261 | D:1      | Found a faded altar of an unknown god.
   272 | D:1      | Reached XP level 2. HP: 19/22 MP: 3/5
   310 | D:1      | Prayed at the altar of an unknown god.
   310 | D:1      | Became a worshipper of Nemelex Xobeh the Trickster
   310 | D:1      | Reached * piety under Nemelex Xobeh
   310 | D:1      | Received a gift from Nemelex Xobeh
   623 | D:1      | Reached skill level 3 in Transmutations
   815 | D:1      | Learned a level 2 spell: Wereblood
  1013 | D:2      | Found a shimmering altar of Xom.
  1063 | D:2      | Reached XP level 3. HP: 25/27 MP: 4/6
  1219 | D:2      | Reached skill level 4 in Transmutations
  1270 | D:2      | Learned a level 3 spell: Spider Form
  1618 | D:2      | Reached XP level 4. HP: 15/34 MP: 7/7
  2047 | D:2      | Reached ** piety under Nemelex Xobeh
  2186 | D:3      | Reached skill level 1 in Poison Magic
  2271 | D:3      | HP: 2/34 [poisoned by an adder]
  2273 | D:3      | Succumbed to an adder's poison

Vanquished Creatures
  An iguana (D:3)
  5 adders
  A worm (D:2)
  2 dart slugs (D:2)
  2 ball pythons
  4 bats
  An endoplasm (D:3)
  3 giant cockroaches
  6 goblins
  6 hobgoblins
  4 jackals (D:2)
  2 kobolds (D:2)
  2 quokkas
  A frilled lizard (D:1)
  4 rats
44 creatures vanquished.
